 Dungeon Crawl Stone Soup version 0.18.1-1-g2f07953 (webtiles) character file.

2305 Aleksandr27reg the Quickloader (level 9, -2/67 HPs)
             Began as a Centaur Hunter on Aug 24, 2016.
             Slain by an orc warrior
             ... wielding a +0 dire flail
              (19 damage)
             ... on level 6 of the Dungeon on Aug 25, 2016.
             The game lasted 00:38:54 (7058 turns).

Aleksandr27reg the Quickloader (Centaur Hunter)     Turns: 7058, Time: 00:38:55

Health: -2/67      AC:  9    Str: 15    XL:     9   Next: 18%
Magic:  9/9        EV:  4    Int: 10    God:
Gold:   239        SH: 10    Dex: 13    Spells: 0 memorised, 8 levels left

rFire  . . .     SeeInvis .     a - +2 hand crossbow
rCold  . . .     Gourm    .     u - +0 ring mail
rNeg   + . .     Faith    .     i - +0 large shield
rPois  .         Spirit   .     w - +2 hat
rElec  .         Dismiss  +     (no cloak)
rCorr  .         Reflect  .     e - +0 pair of gloves
SustAt .         Harm     .     (no barding)
MR     .....                    D - amulet of dismissal
Stlth  ..........               (no ring)
                                k - ring of positive energy

@: very quick, not resistant to hostile enchantments, extremely unstealthy
A: hooves 3, deformed body, speed 2, tough skin 3
a: no special abilities


You were on level 6 of the Dungeon.
You were not hungry.

You visited 1 branch of the dungeon, and saw 6 of its levels.

You collected 239 gold pieces.

Inventory:

Hand Weapons
 a - a +2 hand crossbow (weapon)
 b - a +0 hand axe of flaming
 G - a +0 short sword
Missiles
 d - 8 bolts (quivered)
Armour
 e - a +0 pair of gloves (worn)
 i - a +0 large shield (worn)
 u - a +0 ring mail (worn)
 w - a +2 hat (worn)
Jewellery
 k - a ring of positive energy (left hand)
 n - an uncursed amulet of magic regeneration {unknown}
 C - a +3 ring of dexterity {unknown}
 D - an amulet of dismissal (around neck)
Wands
 f - a wand of disintegration (9/24)
 F - a wand of lightning (6/15)
Scrolls
 l - 3 scrolls of remove curse
 r - a scroll of blinking
 v - 4 scrolls of magic mapping
 x - 2 scrolls of enchant weapon
 y - 3 scrolls of teleportation
 A - 2 scrolls of fog
Potions
 c - a potion of degeneration {unknown}
 g - 2 potions of cure mutation {unknown}
 h - a potion of beneficial mutation {unknown}
 m - 3 potions of might {unknown}
 q - 4 potions of curing {unknown}
 s - a potion of cancellation {unknown}
 t - a potion of lignification {unknown}
 B - a potion of ambrosia {unknown}
 I - 2 potions of mutation {unknown}
Comestibles
 j - 2 slices of pizza
 p - 3 meat rations
 z - 2 beef jerkies
 E - a royal jelly
 H - a bread ration


   Skills:
 + Level 2.2 Fighting
 * Level 12.8 Crossbows
 + Level 2.3 Armour
 + Level 2.0 Dodging
 + Level 0.9 Stealth
 + Level 0.1 Evocations


You had 8 spell levels left.
You didn't know any spells.

Dungeon Overview and Level Annotations

Branches:
Dungeon (6/15)
 Temple: D:4-7

Altars:
Gozag
Ru

Shops:
D:6 :


Innate Abilities, Weirdness & Mutations

You have hooves in place of feet.
Armour fits poorly on your strangely shaped body.
You cover ground very quickly.
You have extremely tough skin (AC +3).


Message History

Press: ? - help, Shift-Dir - straight line, f/p - orc warrior
Aim: an orc warrior, wielding a dire flail and wearing a chain mail (severely wounded)
You shoot a bolt. The bolt barely misses the orc warrior.
Firing (i - inventory):
d - 10 bolts (quivered)
Press: ? - help, Shift-Dir - straight line, f/p - orc warrior
Aim: an orc warrior, wielding a dire flail and wearing a chain mail (severely wounded)
Okay, then.
You are too injured to fight recklessly!
Firing (i - inventory):
d - 10 bolts (quivered)
Press: ? - help, Shift-Dir - straight line, f/p - orc warrior
Aim: an orc warrior, wielding a dire flail and wearing a chain mail (severely wounded)
You shoot a bolt. The bolt hits the orc warrior.
The orc warrior is almost dead.
Firing (i - inventory):
d - 9 bolts (quivered)
Press: ? - help, Shift-Dir - straight line, f/p - orc warrior
Aim: an orc warrior, wielding a dire flail and wearing a chain mail (almost dead)
You shoot a bolt.
The bolt completely misses the orc warrior.
The orc warrior hits you with a dire flail!!
You die...

#################
#o@.............#
#(#############.#
#(# #.....#.# #Y#
#.###.#.# #.# #.#
#.#.# #o#
#.###.#.# #.#
##.#...#.# #.#
#......#.# #(#
#..#...#.###


You could see an orc warrior, an ice beast and an orc priest.

Vanquished Creatures
  A hill giant (D:6)
  The ghost of spsoon the Poker, a novice MfSk (D:4)
  A sky beast (D:6)
  2 phantoms
  2 ice beasts (D:6)
  2 ogres
  A centaur (D:3)
  Blork the orc (D:4)
  A giant frog (D:6)
  3 wights (D:6)
  A howler monkey (D:6)
  2 crimson imps (D:5)
  A giant frog zombie (D:6)
  An orc priest (D:6)
  A jelly (D:6)
  2 iguanas
  5 orc wizards
  A worker ant (D:4)
  11 adders
  4 gnolls (D:4)
  An ooze (D:5)
  An adder skeleton (D:5)
  A worm (D:4)
  2 dart slugs
  3 giant geckos
  11 orcs
  2 giant cockroaches
  11 goblins
  6 hobgoblins
  17 jackals
  3 quokkas
  6 bats
  A giant gecko skeleton (D:4)
  5 giant newts
  8 kobolds
  A quokka skeleton (D:6)
  5 rats
128 creatures vanquished.

Notes
Turn   | Place    | Note
--------------------------------------------------------------
     0 | D:1      | Aleksandr27reg the Centaur Hunter began the quest for the Orb.
     0 | D:1      | Reached XP level 1. HP: 17/17 MP: 1/1
   370 | D:1      | Reached XP level 2. HP: 24/24 MP: 2/2
   499 | D:1      | Reached skill level 5 in Crossbows
  1224 | D:2      | Reached XP level 3. HP: 29/29 MP: 3/3
  1754 | D:2      | Reached skill level 6 in Crossbows
  1754 | D:2      | Reached XP level 4. HP: 36/36 MP: 4/4
  1826 | D:2      | Found a faded altar to an unknown god.
  2556 | D:3      | Noticed a centaur
  3066 | D:3      | Killed a centaur
  3066 | D:3      | Reached skill level 7 in Crossbows
  3066 | D:3      | Reached XP level 5. HP: 23/41 MP: 5/5
  3429 | D:4      | Noticed an ogre
  3458 | D:4      | Reached skill level 1 in Armour
  3468 | D:4      | Killed an ogre
  3468 | D:4      | Reached XP level 6. HP: 35/48 MP: 6/6
  3633 | D:4      | Reached skill level 8 in Crossbows
  3736 | D:4      | Noticed spsoon's ghost (novice MfSk)
  3754 | D:4      | Found an opulent altar of Gozag.
  4066 | D:4      | Noticed Blork the orc
  4082 | D:4      | Killed Blork the orc
  4239 | D:4      | Killed spsoon's ghost
  4239 | D:4      | Reached skill level 9 in Crossbows
  4239 | D:4      | Reached XP level 7. HP: 13/55 MP: 7/7
  4678 | D:5      | Entered Level 5 of the Dungeon
  4861 | D:5      | Reached skill level 10 in Crossbows
  5826 | D:5      | Reached XP level 8. HP: 61/61 MP: 8/8
  5998 | D:5      | Found a sacrificial altar of Ru.
  6085 | D:6      | Noticed a hill giant
  6123 | D:6      | Killed a hill giant
  6123 | D:6      | Reached skill level 11 in Crossbows
  6402 | D:6      | Reached skill level 12 in Crossbows
  6499 | D:6      | Found Ecraih's Book Shoppe.
  6677 | D:6      | Reached XP level 9. HP: 67/67 MP: 9/9
  7058 | D:6      | Slain by an orc warrior

Skill      XL: |  1  2  3  4  5  6  7  8 |
---------------+-------------------------+-----
Crossbows      | 5 6 7 9 10 12 | 12.8
Armour         | 1 2 |  2.3
Dodging        | 2 |  2.0
Fighting       | |  2.2
Stealth        | |  0.9
Evocations     | |  0.1

Action                   |  1- 3 |  4- 6 |  7- 9 || total
-------------------------+-------+-------+-------++-------
Melee: Short sword       |       |       |    13 ||    13
       Kick              |       |       |     5 ||     5
 Fire: Hand crossbow     |    62 |   162 |   214 ||   438
Evoke: Wand              |       |     1 |     1 ||     2
  Use: Scroll            |     1 |    11 |     1 ||    13
  Eat: Bread ration      |     1 |     1 |       ||     2
       Meat ration       |       |       |     1 ||     1
       Beef jerky        |       |       |     1 ||     1
Armor: Leather armour    |     7 |       |       ||     7
       Ring mail         |     1 |    43 |    21 ||    65
Dodge: Dodged            |    14 |    38 |    26 ||    78
Block: Large shield      |       |       |     9 ||     9
